 Dungeon Crawl Stone Soup version 0.26.0-10-g1f06aea511 (webtiles) character file.

Game seed: 5652440317062641687

1435 inc the Ruffian (level 8, -1/63 (74) HPs)
             Began as a Troll Chaos Knight on Jan 31, 2021.
             Was a Plaything of Xom.
             Slain by a troll (7 damage)
             ... on level 6 of the Dungeon.
             The game lasted 00:10:41 (5104 turns).

inc the Ruffian (Troll Chaos Knight)                Turns: 5104, Time: 00:10:46

HP:   -1/63 (74)    AC:  8    Str: 23      XL:     8   Next: 45%
MP:   7/7           EV:  7    Int:  6      God:    Xom [......]
Gold: 231           SH: 22    Dex:  6 (7)  Spells: 7/7 levels left

rFire    + . .     SeeInvis .     - Unarmed
rCold    . . .     Faith    .   A - +2 tower shield "Furewuhi" {rElec rPois Will+}
rNeg     . . .     Spirit   .   a - +2 robe
rPois    +         Reflect  +   (helmet restricted)
rElec    +         Harm     .   (no cloak)
rCorr    +         Rampage  .   (gloves unavailable)
Will     +....                  (boots unavailable)
Stlth    +.........             n - amulet of reflection
HPRegen  0.60/turn              h - ring of resist corrosion
MPRegen  0.10/turn              k - ring of protection from fire

@: heavily drained
A: large, unfitting armour, claws 3, clumsy 1, dopey 1, regeneration 1, shaggy
fur 1, tough skin 3
a: Renounce Religion


You were on level 6 of the Dungeon.
You worshipped Xom.
You were a very special plaything of Xom.
You visited 1 branch of the dungeon, and saw 6 of its levels.
You also visited: Ossuary.

You collected 459 gold pieces.
You spent 228 gold pieces at shops.

Inventory:

Armour
 a - a +2 robe (worn)
 A - the +2 tower shield "Furewuhi" (worn) {rElec rPois Will+}
   (You bought it in a shop on level 4 of the Dungeon)

   It insulates you from electricity.
   It protects you from poison.
   It affects your willpower, your defense against some magical effects.
Jewellery
 h - a ring of resist corrosion (left claw)
 k - a ring of protection from fire (right claw)
 n - an amulet of reflection (around neck)
 o - an uncursed amulet of regeneration
 r - an uncursed ring of ice
 v - an uncursed ring of ice
 y - an uncursed ring of magical power
 z - an uncursed ring of magical power
 K - a +6 ring of dexterity
Wands
 p - a wand of iceblast (10)
 q - a wand of flame (23)
Scrolls
 d - a scroll of noise {unknown}
 e - 2 scrolls of remove curse {unknown}
 f - 5 scrolls of identify
 i - 2 scrolls of teleportation
 j - 2 scrolls of blinking
 l - a scroll of magic mapping {unknown}
 t - 4 scrolls of immolation {unknown}
 C - a scroll of enchant armour {unknown}
 D - a scroll of random uselessness {unknown}
 E - 2 scrolls of acquirement {unknown}
 J - a scroll of fog {unknown}
Potions
 b - a potion of resistance {unknown}
 c - 6 potions of curing
 g - a potion of mutation {unknown}
 m - a potion of might {unknown}
 s - 2 potions of lignification
 u - 2 potions of degeneration
 w - 2 potions of haste
 x - a potion of magic {unknown}
 B - a potion of attraction {unknown}
 F - a potion of experience {unknown}
 G - a potion of ambrosia {unknown}
 H - 2 potions of brilliance
 I - a potion of invisibility {unknown}


   Skills:
 - Level 2.4 Fighting
 - Level 1.9 Dodging
 + Level 6.8 Shields
 - Level 7.1 Unarmed Combat


You had 7 spell levels left.
You didn't know any spells.
Your spell library contained the following spells:

 Spells                   Type           Power        Failure   Level
 Animate Skeleton         Necr           0%           96%         1
 Apportation              Tloc           0%           96%         1
 Corona                   Hex            0%           96%         1
 Summon Small Mammal      Summ           0%           96%         1
 Confusing Touch          Hex            0%           100%        3
 Gell's Gravitas          Tloc           0%           100%        3
 Petrify                  Tmut/Erth      0%           100%        4
 Metabolic Englaciation   Hex/Ice        0%           100%        5
 Yara's Violent Unravell  Hex/Tmut       0%           100%        5


Dungeon Overview and Level Annotations

Branches:
Dungeon (6/15)            Ossuary (visited)
 Temple: D:4-7

Altars:
Cheibriados
Kikubaaqudgha
Nemelex Xobeh
Okawaru
Ru
Trog

Shops:
D:4 (*[*(


Innate Abilities, Weirdness & Mutations

You are too large for most types of armour.
You have claws for hands.
Your natural rate of healing is unusually fast.
You are covered in fur. (AC +1)
You have extremely tough skin. (AC +3)
You are clumsy. (Dex -2)
You are dopey. (Int -2)


Message History

As you read the scroll of identify, it crumbles to dust.
H - 2 potions of brilliance The troll bites you.
* * * LOW HITPOINT WARNING * * *
The troll claws you.
* * * LOW HITPOINT WARNING * * *
You block the troll's attack.
As you read the scroll of identify, it crumbles to dust.
s - 2 potions of lignification The troll bites you.
* * * LOW HITPOINT WARNING * * *
You block the troll's attack. The troll claws you!
* * * LOW HITPOINT WARNING * * *
As you read the scroll of identify, it crumbles to dust.
w - 2 potions of haste You block the troll's attack.
The troll claws you.
* * * LOW HITPOINT WARNING * * *
The troll claws you!
You die...
Xom titters!

###.# #.#.# #.# #.#
##.#.#######.# #.#
##.#..#........
#.##########.###...(.....#
#...........## ##..#####
############.###.#.#
#.#..#.# #.#.#.# #@#.###
#T#.## ##h#..# #.l5..#
###...### #.......#
#.......# #.......#
###...###


You could see a troll, a black bear, an ufetubus and a leopard gecko.

Vanquished Creatures
  Duvessa (D:5)
  A black bear (D:6)
  An ice beast (D:6)
  2 bullfrogs (D:6)
  3 water moccasin zombies (Ossuary)
  Dowan (D:5)
  A scorpion (D:6)
  3 hounds
  An orc priest (D:6)
  An iguana (D:2)
  3 orc wizards
  2 worker ants
  4 big kobold zombies (Ossuary)
  3 mummies
  7 gnolls
  9 adders
  A shadow imp (D:5)
  4 adder zombies (Ossuary)
  5 worms
  3 dart slugs
  A leopard gecko (D:3)
  16 orcs
  A ball python (D:5)
  9 bats
  3 giant cockroaches
  6 goblins
  4 hobgoblins
  9 jackals
  5 kobolds
  A quokka (D:2)
  A ball python skeleton (D:5)
  8 frilled lizards
  4 gnoll zombies (Ossuary)
  4 hobgoblin zombies
  10 kobold zombies
  A leopard gecko zombie (D:5)
  5 orc zombies
  2 quokka skeletons
  7 rats
153 creatures vanquished.

Vanquished Creatures (collateral kills)
  An ice beast (D:6)
  A howler monkey (D:6)
  An iguana (D:6)
  A gnoll (D:6)
  A shadow imp (D:6)
  A leopard gecko skeleton (D:6)
6 creatures vanquished.

Vanquished Creatures (others)
  5 plants (D:3)
5 creatures vanquished.

Grand Total: 164 creatures vanquished

Notes
Turn   | Place    | Note
-------+----------+-------------------------------------------
     0 | D:1      | inc the Troll Chaos Knight began the quest for the Orb.
     0 | D:1      | Reached XP level 1. HP: 22/22 MP: 0/0
   206 | D:1      | Reached XP level 2. HP: 29/29 MP: 1/1
   267 | D:1      | XOM is BORED!
   267 | D:1      | XOM: noise
   336 | D:1      | Reached skill level 4 in Unarmed Combat
   424 | D:1      | Reached XP level 3. HP: 36/36 MP: 2/2
   543 | D:1      | XOM: noise
   609 | D:1      | XOM: cloud trail
   808 | D:2      | XOM: divination: magic mapping
   824 | D:2      | XOM: divination: detect creatures
   842 | D:2      | XOM: noise
   870 | D:2      | Reached skill level 5 in Unarmed Combat
   870 | D:2      | Reached XP level 4. HP: 30/44 MP: 3/3
   956 | D:2      | XOM: god gift: 20 stones
  1064 | D:2      | Found a faded altar of an unknown god.
  1199 | D:2      | XOM: cloud trail
  1354 | D:2      | XOM: god gift: 28 gold pieces
  1380 | D:2      | XOM: enchant monster (bad)
  1645 | D:3      | Reached XP level 5. HP: 50/50 MP: 4/4
  1732 | D:3      | Found an iron altar of Okawaru.
  1855 | D:3      | Reached skill level 6 in Unarmed Combat
  2392 | D:3      | Found a bloodstained altar of Trog.
  2393 | D:3      | Found a snail-covered altar of Cheibriados.
  2395 | D:3      | Found a sparkling altar of Nemelex Xobeh.
  2399 | D:3      | Found an ancient bone altar of Kikubaaqudgha.
  2451 | D:4      | XOM: enchant monster (bad)
  2483 | D:4      | Found Duas Uxi's Antique Armour Emporium.
  2504 | D:4      | XOM is BORED!
  2504 | D:4      | XOM: 6-stop teleportation journey
  2581 | D:4      | XOM: give mutations
  2581 | D:4      | Gained mutation: You are dopey. (Int -2) [Xom's mischief]
  2581 | D:4      | Gained mutation: You are clumsy. (Dex -2) [Xom's mischief]
  2724 | D:4      | Found Arao's Antique Weapon Boutique.
  2741 | D:4      | Found Woirirph's Assorted Antiques.
  2784 | D:4      | XOM: divination: magic mapping
  2789 | D:4      | Reached XP level 6. HP: 59/59 MP: 5/5
  2823 | D:4      | XOM: god gift: 35 gold pieces
  2870 | D:4      | Found Koalal's General Store.
  2917 | D:4      | Reached skill level 7 in Unarmed Combat
  3022 | D:4      | Found Omosowuquas's Antique Weapon Shoppe.
  3211 | D:4      | XOM is BORED!
  3231 | D:4      | XOM: god gift: 13 sling bullets
  3283 | D:4      | XOM: 3-stop teleportation journey
  3346 | D:4      | Bought a heavily runed tower shield for 228 gold pieces
  3351 | D:4      | Identified the +2 tower shield "Furewuhi" {rElec rPois
                  | Will+} (You bought it in a shop on level 4 of the Dungeon)
  3669 | D:4      | XOM: scenery: summon butterflies
  3679 | D:5      | Entered Level 5 of the Dungeon
  3683 | D:5      | Reached skill level 1 in Shields
  3790 | D:5      | Found a sacrificial altar of Ru.
  3898 | D:5      | Noticed Duvessa
  3898 | D:5      | Noticed Dowan
  3904 | D:5      | XOM: enchant monster (bad)
  3905 | D:5      | XOM: confuse monster(s)
  3907 | D:5      | Killed Duvessa
  3912 | D:5      | Killed Dowan
  3913 | D:5      | Reached XP level 7. HP: 66/66 MP: 6/6
  3923 | D:5      | XOM: god gift: potion of curing
  4101 | D:5      | Found a sand-covered staircase.
  4102 | D:5      | XOM: summons friendly iron imp
  4124 | Ossuary  | Entered an ossuary
  4354 | D:5      | XOM: scenery: 1 doors close
  4439 | D:5      | XOM: divination: detect creatures
  4801 | D:6      | Reached skill level 5 in Shields
  4843 | D:6      | Reached XP level 8. HP: 61/74 MP: 7/7
  5025 | D:6      | XOM: stat loss: -1 Dex (6/7)
  5070 | D:6      | Noticed a troll
  5098 | D:6      | XOM: draining
  5104 | D:6      | Slain by a troll

Illustrated notes

Levels and vault maps discovered:
D:1:      dpeg_arrival_another_circle, layout_loops_ring
D:2:      layout_basic, chequers_ecumenical_altar_island, minmay_mini_jars
D:3:      layout_loops_corners, minitemple, minmay_lizard_king
D:4:      layout_layer_cave, serial_shops, kennysheep_little_box, shop_statue,
          nicolae_shop_competitors_out_of_business, nicolae_shop_stone, shop,
          minmay_mini_ossuary
D:5:      layout_cave_pods, marbit_many_paths, nicolae_ossuary_entry_plus,
          supply_closet_lemuel, kennysheep_windowed_goal, uniq_duvessa
D:6:      layout_loops_ring, lemuel_temple_firewalk_b, minmay_manual_mess

Skill      XL: |  1  2  3  4  5  6  7  8 |
---------------+-------------------------+-----
Unarmed Combat | 4 5 6 7 |  7.1
Shields        | 2 5 6 |  6.8
Fighting       | |  2.4
Dodging        | |  1.9

Action                   |  1- 3 |  4- 6 |  7- 9 || total
-------------------------+-------+-------+-------++-------
Melee: Unarmed           |    93 |   200 |   202 ||   495
       Punch             |       |     3 |       ||     3
  Use: Scroll            |       |     4 |     3 ||     7
 Stab: Sleeping          |     1 |       |       ||     1
Armor: Robe              |    37 |    77 |    43 ||   157
Dodge: Dodged            |    44 |    79 |    15 ||   138
Block: Other             |       |     6 |       ||     6
       Tower shield      |       |    12 |   163 ||   175
       Reflection        |       |       |     1 ||     1
